 Dungeon Crawl Stone Soup version 0.28-a0-863-g8cecda6153 (webtiles) character file.

Game seed: 17252098009009408827

14 meatgazer the Skirmisher (level 2, -1/24 HPs)
             Began as a Demonspawn Abyssal Knight on Nov 16, 2021.
             Was a Follower of Lugonu.
             Slain by an orc (5 damage)
             ... on level 3 of the Dungeon.
             The game lasted 00:01:40 (1084 turns).

meatgazer the Skirmisher (DsAK)                     Turns: 1084, Time: 00:01:40

Health: -1/24      AC:  3    Str: 13    XL:     2   Next: 27%
Magic:  3/3        EV: 11    Int: 11    God:    Lugonu [*.....]
Gold:   24         SH:  0    Dex: 13    Spells: 1/1 levels left

rFire   + + .      SeeInvis .   a - +1 spear
rCold   x . .      Faith    .   (no shield)
rNeg    . . .      Spirit   .   b - +0 leather armour
rPois   .          Reflect  .   (no helmet)
rElec   .          Harm     .   (no cloak)
rCorr   .          Rampage  .   (no gloves)
Will    .....                   (no boots)
Stlth   +.........              (no amulet)
HPRegen 0.08/turn               c - ring of fire
MPRegen 0.08/turn               e - ring of protection from fire

@: no status effects
A: ignite blood 1
a: Renounce Religion, Depart the Abyss


You were on level 3 of the Dungeon.
You worshipped Lugonu.
Lugonu was aware of your devotion.
You visited 1 branch of the dungeon, and saw 3 of its levels.
You visited the Abyss 1 time.

You collected 24 gold pieces.

Inventory:

Hand Weapons
 a - a +1 spear (weapon)
 g - a +1 long sword of holy wrath
Armour
 b - a +0 leather armour (worn)
Jewellery
 c - a ring of fire (left hand)
 e - a ring of protection from fire (right hand)
Scrolls
 f - a scroll of amnesia {unknown}
Miscellaneous
 d - a condenser vane


   Skills:
 + Level 3.2 Fighting
 + Level 2.0 Polearms
 + Level 2.1 Armour
 + Level 1.1 Dodging
 + Level 2.4 Invocations


You had one spell level left.
You didn't know any spells.
Your spell library contained the following spells:

 Spells                   Type           Power      Damage    Failure   Level
 Slow                     Hex            0%         N/A       41%         1
 Corpse Rot               Necr/Air       0%         N/A       56%         2
 Poisonous Vapours        Pois/Air       0%         N/A       56%         2
 Confusing Touch          Hex            0%         N/A       80%         3
 Yara's Violent Unravell  Hex/Tmut       0%         3d3       100%        5


Dungeon Overview and Level Annotations

Branches:
Dungeon (3/15)

Altars:


Innate Abilities, Weirdness & Mutations

Your demonic aura sometimes causes spilled blood to erupt in flames.


Message History

The orc hits you but does no damage. The orc hits you with a +0 hand axe.
You hit the orc.
The orc is heavily wounded.
The orc barely misses you.
The orc is engulfed in blazing flames.
You kill the orc!
Lugonu accepts your kill. The orc hits you with a +0 hand axe.
Your Polearms skill increases to level 2!
You hit the orc.
The orc is moderately wounded.
The orc hits you with a +0 hand axe. The orc barely misses you.
You hit the orc.
You kill the orc!
Lugonu accepts your kill. The orc hits you with a +0 hand axe.
You barely miss the orc. The orc hits you with a +0 hand axe. x2
You are too injured to fight recklessly!
You are too injured to fight recklessly!
Unknown command.
You hit the orc.
The orc is moderately wounded.
The orc hits you with a +0 hand axe. x2
* * * LOW HITPOINT WARNING * * *
You hit the orc but do no damage.
The orc is moderately wounded.
The orc barely misses you. The orc hits you but does no damage.
You hit the orc but do no damage.
The orc is moderately wounded.
The orc hits you but does no damage. The orc barely misses you.
You closely miss the orc.
The orc is moderately wounded.
The orc hits you with a +0 hand axe.
* * * LOW HITPOINT WARNING * * *
The orc completely misses you.
You hit the orc.
The orc is almost dead.
The orc hits you with a +0 hand axe.
* * * LOW HITPOINT WARNING * * *
The orc hits you with a +0 hand axe.
You die...

#+ #. #. ##.##
#.)@#
.......oo..≈≈≈.
##.#......≈≈≈≈≈
#.#.#..≈≈♣≈≈
....# ..≈≈≈≈
#.### ...≈≈≈.
#.. ♣...... ##
♣.....


You could see 2 orcs.

Vanquished Creatures
  2 orcs (D:3)
  2 endoplasms (D:1)
  A giant cockroach (D:1)
  2 hobgoblins (D:1)
  2 ball pythons (D:1)
  A frilled lizard (D:1)
  A rat (D:1)
11 creatures vanquished.

Notes
Turn   | Place    | Note
-------+----------+-------------------------------------------
     0 | Abyss:1  | meatgazer the Demonspawn Abyssal Knight began the quest for
                  | the Orb.
     0 | Abyss:1  | Reached XP level 1. HP: 18/18 MP: 2/2
    39 | Abyss:2  | Found a corrupted altar of Lugonu.
    72 | Abyss:2  | Noticed a large abomination
   110 | Abyss:3  | Noticed a tentacled starspawn
   122 | D:1      | Escaped the Abyss
   475 | D:1      | Reached skill level 1 in Dodging
   905 | D:1      | Gained mutation: Your demonic aura sometimes causes spilled
                  | blood to erupt in flames. [demonic ancestry]
   905 | D:1      | Reached XP level 2. HP: 15/24 MP: 3/3
   918 | D:1      | Reached * piety under Lugonu
  1084 | D:3      | Slain by an orc

Illustrated notes

Levels and vault maps discovered:
D:1:      tarquinn_simple_flora_water_c, layout_loops_ring
D:2:      layout_basic, dreamdust_ecumenical_altar_angels_and_demons
D:3:      layout_loops_corners, mainiacjoe_overflow_concentric_impassable,
          elyvilon_altar_3, kennysheep_small_spiral, minmay_goblin_kobold_house

Skill      XL: |  1  2 |
---------------+-------+-----
Dodging        | 1 |  1.1
Armour         | 2 |  2.1
Polearms       | 2 |  2.0
Fighting       | |  3.2
Invocations    | |  2.4

Action                   || total
-------------------------++-------
Melee: Spear             ||    50
Invok: Depart the Abyss  ||     1
 Stab: Sleeping          ||     1
Armor: Leather armour    ||    11
Dodge: Dodged            ||    23

Table legend: (Time is in decaauts)
 A = Elapsed time spent in this place.
 B = Non-inter-level travel time spent in this place.
 C = Inter-level travel time spent in this place.
 D = Time resting spent in this place.
 E = Time spent auto-exploring this place.
 F = Levels seen in this place.
 G = Mean time per level.
                   A        B        C        D        E       F      G
               +--------+--------+--------+--------+--------+-----+--------+
         Total |   1084 |   1062 |     22 |    328 |    577 |   6 |  180.7 |
       Dungeon |    962 |    940 |     22 |    328 |    515 |   3 |  320.7 |
         Abyss |    122 |    122 |      0 |      0 |     62 |   3 |   40.7 |
               +--------+--------+--------+--------+--------+-----+--------+

Top non-repeatable levels by time:
     D:1: 811 daAuts
     D:2: 139 daAuts
 Abyss:2: 48 daAuts
 Abyss:1: 39 daAuts
 Abyss:3: 34 daAuts
     D:3: 10 daAuts
